 Dungeon Crawl Stone Soup version 0.28.0-53-g5a82cb258f (webtiles) character file.

Game seed: 10088630702821246283

108 MisterFreud the Covert (level 4, -3/41 HPs)
             Began as a Gnoll Delver on June 25, 2022.
             Was a High Priest of Ignis.
             Slain by Sigmund
             ... wielding a +0 scythe
              (7 damage)
             ... on level 2 of the Dungeon.
             The game lasted 00:03:58 (2566 turns).

MisterFreud the Covert (Gnoll Delver)               Turns: 2566, Time: 00:03:59

Health: -3/41      AC:  3    Str: 11    XL:     4   Next: 87%
Magic:  5/5        EV: 13    Int: 11    God:    Ignis [*****.]
Gold:   135        SH:  0    Dex: 14    Spells: 5/5 levels left

rFire   + . .      SeeInvis .   a - +0 short sword
rCold   . . .      Faith    .   (no shield)
rNeg    . . .      Spirit   .   b - +0 leather armour
rPois   .          Reflect  .   (no helmet)
rElec   .          Harm     .   (no cloak)
rCorr   .          Rampage  .   (no gloves)
Will    .....                   (no boots)
Stlth   ++++......              (no amulet)
HPRegen 0.13/turn               (no ring)
MPRegen 0.09/turn               (no ring)

@: no status effects
A: fangs 1, strong nose, distributed training
a: Renounce Religion, Fiery Armour, Foxfire Swarm, Rising Flame


You were on level 2 of the Dungeon.
You worshipped Ignis.
Ignis was extremely pleased with you.
You visited 1 branch of the dungeon, and saw 6 of its levels.

You collected 135 gold pieces.

Inventory:

Hand Weapons
 a - a +0 short sword (weapon)
Missiles
 m - 4 datura-tipped darts (quivered)
 p - 3 poisoned darts
Armour
 b - a +0 leather armour (worn)
Wands
 g - a wand of digging (2)
 j - a wand of charming (3)
Scrolls
 c - a scroll of fog
 d - a scroll of magic mapping
 e - 3 scrolls of fear
 h - a scroll of teleportation {unknown}
 i - 3 scrolls of identify {unknown}
 n - a scroll of holy word {unknown}
 r - a scroll of noise {unknown}
 s - a scroll of torment {unknown}
 t - a scroll of immolation {unknown}
Potions
 f - a potion of haste
 k - a potion of invisibility {unknown}
 o - 6 potions of curing {unknown}
 q - a potion of resistance {unknown}
 u - a potion of might {unknown}


   Skills:
 + Level 6.6 Fighting
 + Level 4.7 Short Blades
 + Level 1.2 Long Blades
 + Level 1.2 Axes
 + Level 1.2 Maces & Flails
 + Level 1.2 Polearms
 + Level 1.2 Staves
 + Level 1.2 Slings
 + Level 1.2 Bows
 + Level 1.2 Crossbows
 + Level 1.2 Throwing
 + Level 1.2 Armour
 + Level 4.7 Dodging
 + Level 9.6 Stealth
 + Level 1.2 Shields
 + Level 1.2 Unarmed Combat
 + Level 1.2 Spellcasting
 + Level 1.0 Conjurations
 + Level 1.0 Hexes
 + Level 1.0 Summonings
 + Level 1.0 Necromancy
 + Level 1.0 Translocations
 + Level 1.0 Transmutations
 + Level 1.0 Fire Magic
 + Level 1.0 Ice Magic
 + Level 1.0 Air Magic
 + Level 1.0 Earth Magic
 + Level 1.0 Poison Magic
 + Level 1.4 Invocations
 + Level 1.2 Evocations


You had 5 spell levels left.
You didn't know any spells.
Your spell library was empty.

Dungeon Overview and Level Annotations

Branches:
Dungeon (6/15)
 Temple: D:4-7

Altars:
Ignis

Annotations:
D:2 Sigmund
D:3 Terence


Innate Abilities, Weirdness & Mutations

You have very sharp teeth.
Your uncanny sense of smell can sniff out nearby items.
Your experience applies equally to all skills.


Message History

You feel much better. Robin misses you.
Unknown command.
You hit Robin.
Robin is moderately wounded.
Something hits you! Robin closely misses you.
You hit Robin.
Robin is heavily wounded.
Robin barely misses you.
Unknown command.
You hit Robin. Your bite misses Robin.
Robin is severely wounded.
Something barely misses you.
Unknown command.
You hit Robin. Your bite misses Robin.
Robin is almost dead.
Robin misses you.
You hit Robin but do no damage.
Robin is almost dead.
Something hits you! Robin hits you but does no damage.
Unknown command.
You completely miss Robin.
Robin is almost dead.
Robin barely misses you. Something barely misses you.
Unknown command.
You hit Robin but do no damage.
Robin is almost dead.
Robin misses you.
You hit Robin.
You kill Robin!
Something hits you.
Unknown command.
Things that are here:
a +0 club; a +0 animal skin; a +0 helmet You miss something.
Something hits you!
* * * LOW HITPOINT WARNING * * *
You hit something but do no damage. Your punch misses something.
You hear some strange, mumbled words.
Something tries to affect you, but you resist.
Something hits you!
You die...

..........# #..#### ..........#
#.....# ..........##### #..##.#
..............# #..##.#
.###..........#######..##†# #
#.........g..........##.#
###..#.##'######{)....>##.#
........#.# #)########.#####.#
#.#.####.# #@# ######.......#
#........# #.#.......(.######
#.#############.#.............#
.#....gg.g.g...#...........###.#
.......#######)##...######.....#
....##.# #.# #.##...##.#.#.#####
###.##.# #.###.##...##...#.#
#.##.# #.....##...##.#.#.#
..##.# #.###.)....<#.#.#.######


There were no monsters in sight!

Vanquished Creatures
  Ijyb (D:4)
  Robin (D:2)
  An adder (D:3)
  An ufetubus (D:5)
  2 endoplasms (D:1)
  2 giant cockroaches
  8 goblins
  7 hobgoblins
  4 jackals (D:2)
  8 kobolds
  2 quokkas (D:1)
  5 ball pythons
  7 bats
  6 rats
55 creatures vanquished.

Vanquished Creatures (others)
  A plant (D:1)
1 creature vanquished.

Grand Total: 56 creatures vanquished

Notes
Turn   | Place    | Note
-------+----------+-------------------------------------------
     0 | D:5      | Reached skill level 9 in Stealth
     0 | D:5      | MisterFreud the Gnoll Delver began the quest for the Orb.
     0 | D:5      | Reached XP level 1. HP: 23/23 MP: 1/1
    26 | D:5      | HP: 1/23 [ufetubus (4)]
   360 | D:4      | Noticed Ijyb
   364 | D:4      | Killed Ijyb
   365 | D:4      | Reached XP level 2. HP: 29/29 MP: 2/2
   365 | D:4      | Reached XP level 3. HP: 35/35 MP: 3/3
   390 | D:4      | Noticed a necrophage
   422 | D:3      | Reached skill level 1 in Invocations
   592 | D:2      | Reached skill level 1 in Long Blades
   592 | D:2      | Reached skill level 1 in Axes
   592 | D:2      | Reached skill level 1 in Maces & Flails
   592 | D:2      | Reached skill level 1 in Polearms
   592 | D:2      | Reached skill level 1 in Staves
   592 | D:2      | Reached skill level 1 in Slings
   592 | D:2      | Reached skill level 1 in Bows
   592 | D:2      | Reached skill level 1 in Crossbows
   592 | D:2      | Reached skill level 1 in Throwing
   592 | D:2      | Reached skill level 1 in Armour
   592 | D:2      | Reached skill level 1 in Shields
   592 | D:2      | Reached skill level 1 in Unarmed Combat
   592 | D:2      | Reached skill level 1 in Spellcasting
   592 | D:2      | Reached skill level 1 in Evocations
   786 | D:1      | Reached XP level 4. HP: 41/41 MP: 5/5
  1011 | D:1      | Found a faded altar of an unknown god.
  1020 | D:1      | Prayed at the altar of an unknown god.
  1020 | D:1      | Became a worshipper of Ignis, the Dying Flame
  1918 | D:2      | Noticed Terence
  1918 | D:2      | Noticed Robin
  1959 | D:2      | Reached skill level 1 in Conjurations
  1959 | D:2      | Reached skill level 1 in Hexes
  1959 | D:2      | Reached skill level 1 in Summonings
  1959 | D:2      | Reached skill level 1 in Necromancy
  1959 | D:2      | Reached skill level 1 in Translocations
  1959 | D:2      | Reached skill level 1 in Transmutations
  1959 | D:2      | Reached skill level 1 in Fire Magic
  1959 | D:2      | Reached skill level 1 in Ice Magic
  1959 | D:2      | Reached skill level 1 in Air Magic
  1959 | D:2      | Reached skill level 1 in Earth Magic
  1959 | D:2      | Reached skill level 1 in Poison Magic
  2116 | D:2      | Noticed Sigmund
  2562 | D:2      | Killed Robin
  2566 | D:2      | Slain by Sigmund

Illustrated notes

Levels and vault maps discovered:
D:1:      tarquinn_simple_flora_water_a, layout_basic,
          shapermc_ecumenical_altar_mp_urbaneastern
D:2:      layout_basic, minmay_pentomino_x4, uniq_terence, uniq_sigmund,
          uniq_robin
D:3:      cheibrodos_pilgrimage, layout_rooms, uniq_grinder
D:4:      layout_basic, hangedman_decor_riveting, minivault_19,
          serial_bayou_crossing, uniq_ijyb, uniq_edmund
D:5:      layout_basic, temple_fountains, skrybe_limestone_x, uniq_eustachio
D:6:      layout_basic, nicolae_overflow_crystal_walls,
          minmay_fractal_squares_5, uniq_prince_ribbit1, uniq_maggie

Skill      XL: |  1  2  3  4 |
---------------+-------------+-----
Stealth        | |  9.6
Invocations    | 1 |  1.4
Long Blades    | 1 |  1.2
Axes           | 1 |  1.2
Maces & Flails | 1 |  1.2
Polearms       | 1 |  1.2
Staves         | 1 |  1.2
Slings         | 1 |  1.2
Bows           | 1 |  1.2
Crossbows      | 1 |  1.2
Throwing       | 1 |  1.2
Armour         | 1 |  1.2
Shields        | 1 |  1.2
Unarmed Combat | 1 |  1.2
Spellcasting   | 1 |  1.2
Evocations     | 1 |  1.2
Conjurations   | 1 |  1.0
Hexes          | 1 |  1.0
Summonings     | 1 |  1.0
Necromancy     | 1 |  1.0
Translocations | 1 |  1.0
Transmutations | 1 |  1.0
Fire Magic     | 1 |  1.0
Ice Magic      | 1 |  1.0
Air Magic      | 1 |  1.0
Earth Magic    | 1 |  1.0
Poison Magic   | 1 |  1.0
Fighting       | |  6.6
Short Blades   | |  4.7
Dodging        | |  4.7

Action                   |  1- 3 |  4- 6 || total
-------------------------+-------+-------++-------
Melee: Short sword       |    47 |   131 ||   178
       Bite              |     5 |    19 ||    24
       Punch             |       |     2 ||     2
Evoke: Wand              |       |     1 ||     1
  Use: Scroll            |       |     2 ||     2
       Potion            |       |     1 ||     1
 Stab: Sleeping          |    11 |    12 ||    23
Armor: Leather armour    |     8 |    22 ||    30
Dodge: Dodged            |    40 |    65 ||   105
